 Dungeon Crawl Stone Soup version 0.22-a0-44-geb883ae (webtiles) character file.

22009 shenanigans the Fighter (level 12, -4/99 HPs)
             Began as a Barachi Skald on Jan 6, 2018.
             Was a High Priest of Okawaru.
             Slain by Rupert
             ... wielding a +0 great sword of electrocution
              (15 damage)
             ... on level 3 of the Lair of Beasts on Jan 7, 2018.
             The game lasted 00:55:27 (23383 turns).

shenanigans the Fighter (Barachi Skald)            Turns: 23383, Time: 00:55:27

Health: -4/99      AC: 18    Str: 19    XL:     12   Next: 96%
Magic:  23/23      EV: 17    Int: 18    God:    Okawaru [*****.]
Gold:   909        SH:  7    Dex: 16    Spells: 7/26 levels left

rFire    . . .     SeeInvis .   a - +0 broad axe
rCold    . . .     Gourm    .   I - +0 buckler
rNeg     . . .     Faith    .   D - +0 chain mail "Lominaca" {+Blink rPois}
rPois    +         Spirit   .   S - +2 hat
rElec    .         Reflect  .   (no cloak)
rCorr    .         Harm     .   (no gloves)
MR       .....                  y - +1 pair of boots
Stlth    ..........             (no amulet)
HPRegen  0.26/turn              h - +3 ring of dexterity
MPRegen  0.18/turn              J - +2 ring of dexterity

@: mighty, heroism, slow
A: +LOS, swims, slowness 1, strong legs 1
a: Hop, Heroism, Finesse, Renounce Religion, Evoke Blink


You were on level 3 of the Lair of Beasts.
You worshipped Okawaru.
Okawaru was extremely pleased with you.
You were not hungry.

You visited 3 branches of the dungeon, and saw 15 of its levels.
You also visited: Sewer.

You collected 909 gold pieces.

Inventory:

Hand Weapons
 a - a +0 broad axe (weapon)
 b - a +6 spear of venom
 M - a +0 war axe
 R - a +3 war axe
Missiles
 w - 6 javelins (quivered)
Armour
 s - a +0 plate armour
 y - a +1 pair of boots (worn)
 D - the +0 chain mail "Lominaca" (worn) {+Blink rPois}
   (You found it on level 4 of the Dungeon)

   It protects you from poison.
   It lets you blink.
 I - a +0 buckler (worn)
 S - a +2 hat (worn)
Jewellery
 h - a +3 ring of dexterity (left hand)
 j - an uncursed ring of flight {unknown}
 x - an uncursed ring of protection from cold
 B - an uncursed amulet of the gourmand
 J - a +2 ring of dexterity (right hand)
 K - an uncursed amulet of magic regeneration
 P - an uncursed ring of magical power
Wands
 p - a wand of disintegration (2)
 E - a wand of random effects (24)
 N - a wand of polymorph (35)
Scrolls
 e - 3 scrolls of amnesia
 f - 7 scrolls of remove curse
 i - 8 scrolls of identify
 l - 6 scrolls of enchant weapon
 m - a scroll of teleportation
 o - 3 scrolls of enchant armour
 L - a scroll of blinking
 Q - 4 scrolls of fog
Potions
 g - 3 potions of curing
 k - 2 potions of cancellation
 n - 2 potions of brilliance
 q - a potion of agility
 r - a potion of berserk rage
 t - 3 potions of magic
 u - 2 potions of might
 z - 3 potions of mutation
 C - a potion of flight
 H - a potion of resistance
 O - a potion of invisibility
Books
 c - a book of Battle

   Spells                             Type                      Level
   a - Infusion                       Charms                       1
   b - Shroud of Golubria             Charms/Translocation         2
   c - Song of Slaying                Charms                       2
   d - Spectral Weapon                Hexes/Charms                 3
   e - Regeneration                   Charms/Necromancy            3
 F - a book of Annihilations

   Spells                             Type                      Level
   a - Poison Arrow                   Conjuration/Poison           6
   b - Chain Lightning                Conjuration/Air              8
   c - Lehudib's Crystal Spear        Conjuration/Earth            8
   d - Glaciate                       Conjuration/Ice              9
   e - Fire Storm                     Conjuration/Fire             9
 G - a book of Conjurations

   Spells                             Type                      Level
   a - Magic Dart                     Conjuration                  1
   b - Searing Ray                    Conjuration                  2
   c - Dazzling Spray                 Conjuration/Hexes            3
   d - Fulminant Prism                Conjuration/Hexes            4
   e - Force Lance                    Conjuration/Translocation    4
   f - Iskenderun's Mystic Blast      Conjuration                  4
 T - a book of Flames

   Spells                             Type                      Level
   a - Flame Tongue                   Conjuration/Fire             1
   b - Throw Flame                    Conjuration/Fire             2
   c - Conjure Flame                  Conjuration/Fire             3
   d - Inner Flame                    Hexes/Fire                   3
   e - Sticky Flame                   Conjuration/Fire             4
   f - Fireball                       Conjuration/Fire             5
Comestibles
 d - 14 rations


   Skills:
 + Level 10.8(15.8) Fighting
 + Level 10.0(15.0) Axes
 + Level 10.7(15.7) Armour
 + Level 9.9(14.9) Dodging
 * Level 6.6(11.6) Shields
 + Level 7.7 Spellcasting
 + Level 2.3 Conjurations
 - Level 3.2 Charms
 + Level 2.4 Fire Magic
 + Level 2.6 Ice Magic
 - Level 5.1 Invocations


You had 7 spell levels left.
You knew the following spells:

 Your Spells              Type           Power        Failure   Level  Hunger
a - Infusion              Chrm           ###.         14%         1    None
b - Glaciate              Conj/Ice       ###.......   100%        9    #######
c - Fire Storm            Conj/Fire      ###.......   100%        9    #######


Dungeon Overview and Level Annotations

Branches:
Dungeon (11/15)            Temple (1/1) D:6            Lair (3/6) D:10
 Shoals (0/4) Lair:2        Snake (0/4) Lair:2          Orc (0/2) D:10

Altars:
Ashenzari
Cheibriados
Dithmenos
Elyvilon
Fedhas
Gozag
Hepliaklqana
Kikubaaqudgha
Makhleb
Nemelex Xobeh
Okawaru
Qazlal
Ru
Sif Muna
Trog
Uskayaw
Vehumet
Wu Jian
Xom
Yredelemnul
Zin
The Shining One

Annotations:
D:10 Truegreen's ghost, journeyman DsBe
Lair:3 Rupert


Innate Abilities, Weirdness & Mutations

Shadows flee at your approach. (+LOS)
You can swim through water.
You cover ground slowly.
You can hop short distances.


Message History

The water moccasin bites you but does no damage.
Rupert hits you with a great sword of electrocution!!
The water moccasin bites you.
Rupert hits you with a great sword of electrocution!
You are electrocuted!
* * * LOW HITPOINT WARNING * * *
You can move again.
Unknown command.
Unknown command.
Unknown command.
Unknown command.
Unknown command.
You bump into the rock wall.
The water moccasin closely misses you.
Rupert hits you with a great sword of electrocution!!
* * * LOW HITPOINT WARNING * * *
The water moccasin closely misses you.
Unknown command.
You feel better.
Rupert hits you with a great sword of electrocution!
You die...

#.....§§§≈≈§≈≈§≈§≈≈≈....
#....§≈≈≈≈≈§§≈§≈≈§.....
.......≈≈§§§§§§.....#. .
#.......§§§.......P..
#..#..............#...P
.........§§§.P#.#....
###yy...P....#.#P..#
#S@<......P#..PP.^
#@####P.'####...#. ###
###.# #....# #..y#
###... ##..###+#y# #...#
$.........# ###..
......yy..+ ..+
............ ...
...........#.. ...
..........#. ......


You could see Rupert (berserk), a water moccasin and 2 killer bees.

Vanquished Creatures
  2 hydras
  Erolcha (D:9)
  A two-headed ogre (D:8)
  A flayed ghost (D:11)
  An ugly thing (D:11)
  A manticore (D:11)
  2 cyclopes (D:11)
  2 black mambas (Lair:2)
  A merfolk siren (Lair:2)
  A gargoyle (D:11)
  Psyche (D:9)
  5 spiny frogs
  2 trolls (D:11)
  2 polar bears (D:9)
  A hornet (D:8)
  Grinder (D:6)
  4 hippogriffs
  A spriggan (D:11)
  13 yaks
  A wraith (D:11)
  A basilisk (Lair:1)
  4 hungry ghosts
  A steam dragon (D:8)
  A warg (D:10)
  7 porcupines
  13 water moccasins
  A black bear (D:4)
  A sky beast (D:6)
  2 ice beasts
  7 orc warriors
  A phantom (D:7)
  4 ogres
  A necrophage (D:10)
  5 wolves
  6 centaurs
  7 crocodiles
  3 big kobolds
  12 bullfrogs
  A gnoll sergeant (D:10)
  2 wyvern zombies
  6 scorpions
  11 killer bees
  3 wights (D:7)
  3 electric eels (D:9)
  A howler monkey (D:9)
  7 crimson imps
  3 bullfrog zombies
  A centaur zombie (D:9)
  4 jellies
  6 hounds
  8 orc priests
  2 centaur skeletons
  4 bullfrog skeletons
  14 orc wizards
  2 hell rats (D:8)
  5 worker ants
  2 killer bee zombies (D:7)
  A bullfrog simulacrum (D:9)
  16 adders
  6 gnolls
  11 river rats
  A hound simulacrum (D:9)
  3 shadow imps
  3 white imps (D:9)
  A worker ant simulacrum (D:9)
  3 ufetubi (D:9)
  An ooze (D:1)
  An adder skeleton (D:7)
  A worm (D:2)
  2 dart slugs
  An adder simulacrum (D:9)
  6 leopard geckos
  47 orcs
  7 ball pythons
  6 giant cockroaches
  9 goblins
  3 hobgoblins
  2 jackals (D:9)
  12 quokkas
  7 bats
  10 frilled lizards
  A giant cockroach zombie (D:6)
  A jackal skeleton (D:4)
  24 kobolds
  A leopard gecko skeleton (D:5)
  A leopard gecko zombie (D:3)
  A quokka zombie (D:5)
  26 rats
  A fungus (Lair:2)
  A plant (Lair:2)
423 creatures vanquished.

Vanquished Creatures (others)
  An ufetubus (D:9)
  A bush (Lair:2)
  10 fungi
  7 plants
19 creatures vanquished.

Grand Total: 442 creatures vanquished

Notes
Turn   | Place    | Note
-------+----------+-------------------------------------------
     0 | D:1      | shenanigans the Barachi Skald began the quest for the Orb.
     0 | D:1      | Reached XP level 1. HP: 17/17 MP: 3/3
   249 | D:1      | Reached XP level 2. HP: 17/23 MP: 5/5
   759 | D:2      | Reached XP level 3. HP: 8/29 MP: 1/6
  1742 | D:2      | Reached XP level 4. HP: 32/35 MP: 7/7
  2435 | D:3      | Noticed a hippogriff
  2457 | D:3      | Killed a hippogriff
  2457 | D:3      | Reached XP level 5. HP: 43/43 MP: 8/8
  2457 | D:3      | Reached XP level 6. HP: 49/49 MP: 9/9
  2645 | D:3      | Found a glowing drain.
  2669 | Sewer    | Entered a sewer
  3885 | D:4      | Reached skill level 5 in Fighting
  3885 | D:4      | Reached XP level 7. HP: 15/56 MP: 10/10
  4329 | D:4      | Got a jewelled chain mail
  4340 | D:4      | Identified the cursed +0 chain mail "Lominaca" {+Blink rPois} (You found it on level 4 of the Dungeon)
  4659 | D:5      | Entered Level 5 of the Dungeon
  4721 | D:5      | Reached skill level 5 in Armour
  4733 | D:5      | Reached skill level 5 in Axes
  4733 | D:5      | Reached skill level 5 in Dodging
  4905 | D:5      | Reached XP level 8. HP: 40/64 MP: 11/11
  5059 | D:5      | Found a blossoming altar of Fedhas.
  5427 | D:5      | Found an iron altar of Okawaru.
  5455 | D:5      | Became a worshipper of Warmaster Okawaru
  5937 | D:5      | Reached skill level 1 in Invocations
  5998 | D:5      | Found a blossoming altar of Fedhas.
  6760 | D:6      | Noticed Grinder
  6763 | D:6      | Killed Grinder
  6763 | D:6      | Reached * piety under Okawaru
  6763 | D:6      | Reached XP level 9. HP: 71/71 MP: 13/13
  6784 | D:6      | Found a staircase to the Ecumenical Temple.
  6872 | Temple   | Entered the Ecumenical Temple
  8193 | D:7      | Reached ** piety under Okawaru
  8935 | D:7      | Reached XP level 10. HP: 65/80 MP: 16/16
  9596 | D:8      | Noticed a two-headed ogre
  9609 | D:8      | Killed a two-headed ogre
  9609 | D:8      | Reached skill level 5 in Invocations
  9876 | D:8      | Reached *** piety under Okawaru
 10403 | D:8      | Noticed a two-headed ogre
 10428 | D:8      | Reached skill level 5 in Spellcasting
 10437 | D:8      | Found a radiant altar of Vehumet.
 13174 | D:9      | Reached XP level 11. HP: 64/89 MP: 19/19
 13969 | D:9      | Noticed Psyche
 13986 | D:9      | Noticed Erolcha
 14617 | D:9      | Killed Psyche
 14635 | D:9      | Killed Erolcha
 15453 | D:9      | Learned a level 9 spell: Glaciate
 15463 | D:9      | Learned a level 9 spell: Fire Storm
 15494 | D:10     | Entered Level 10 of the Dungeon
 15503 | D:10     | Noticed Truegreen's ghost (journeyman DsBe)
 15835 | D:10     | Found a staircase to the Lair.
 16470 | D:10     | Reached skill level 1 in Shields
 16956 | D:10     | Found a staircase to the Orcish Mines.
 17544 | D:11     | Found a runed door.
 17544 | D:11     | Noticed a green ugly thing
 17568 | D:11     | Killed a green ugly thing
 17916 | D:11     | Noticed a cyclops
 17929 | D:11     | Killed a cyclops
 17929 | D:11     | Reached **** piety under Okawaru
 18388 | D:11     | Noticed a manticore
 18398 | D:11     | Killed a manticore
 18398 | D:11     | Reached skill level 10 in Fighting
 19391 | D:11     | Noticed a flayed ghost
 19403 | D:11     | Killed a flayed ghost
 19403 | D:11     | Reached skill level 10 in Armour
 19403 | D:11     | Reached XP level 12. HP: 80/94 MP: 20/22
 19424 | D:11     | Reached ***** piety under Okawaru
 19426 | D:11     | Noticed a tengu reaver
 19426 | D:11     | Noticed a deep troll earth mage
 19510 | Lair:1   | Entered Level 1 of the Lair of Beasts
 19526 | Lair:1   | Found a shimmering altar of Xom.
 19572 | Lair:1   | Noticed a four-headed hydra
 19600 | Lair:1   | Killed a four-headed hydra
 19992 | Lair:1   | Reached skill level 5 in Shields
 21047 | Lair:2   | Reached skill level 1 in Ice Magic
 21241 | Lair:2   | Reached skill level 1 in Conjurations
 21241 | Lair:2   | Reached skill level 1 in Fire Magic
 21599 | Lair:2   | Found a staircase to the Snake Pit.
 21812 | Lair:2   | Received a gift from Okawaru
 21892 | Lair:2   | Noticed a five-headed hydra
 21912 | Lair:2   | HP: 4/99 [black mamba (11)]
 22332 | Lair:2   | Killed a five-headed hydra
 22332 | Lair:2   | Reached skill level 10 in Axes
 22790 | Lair:2   | Found a staircase to the Shoals.
 23348 | Lair:3   | Noticed Rupert
 23350 | Lair:3   | Paralysed by Rupert for 2 turns
 23375 | Lair:3   | Paralysed by Rupert for 6 turns
 23382 | Lair:3   | HP: 4/99 [Rupert/great sword of electrocution (21)]
 23383 | Lair:3   | Slain by Rupert

Vault maps used:
D:1:      dpeg_arrival_arbitrary_a, minivault_23, minmay_hexomino_f4
D:3:      portal_sewer_entry_d, minmay_misc_feat_rugged, minmay_divided_ellipse
D:5:      fedhas_bush_and_centaur_altar, serial_corexii_hall,
          corexii_hall_statues_i, corexii_hall_statues_l, first_ration,
          hangedman_feature_mirror
D:6:      minmay_temple_entry_grid, st_stairs_14, uniq_grinder
D:8:      lemuel_ratsnest, basic_altar
D:9:      serial_ice, serial_ice_d, serial_ice_e, serial_ice_h, serial_ice_o,
          serial_ice_l, serial_ice_n, serial_ice_f, serial_ice_b, serial_ice_m,
          serial_ice_c, uniq_psyche, uniq_erolcha
D:10:     lair_entry_dummy, erik_orc_3
D:11:     the_bakery, minivault_13
Temple:   grunt_wide_crystal_templ
Lair:1:   basic_altar, beast_lair_carwin_1, serial_bayou_shore_b
Lair:2:   minmay_shoals_entry_lonely_mermaid, minmay_snake_entry_six_corridors,
          pond
Lair:3:   minmay_lindwurm_lava, grunt_megastairs_1, serial_bayou_shore_a,
          uniq_rupert
Sewer:    sewer_co_cracked_pipes

Skill      XL: |  1  2  3  4  5  6  7  8  9 10 11 12 |
---------------+-------------------------------------+-----
Fighting       | 3 4 5 6 7 9 10 | 10.8
Armour         | 2 3 4 5 6 7 8 10 | 10.7
Dodging        | 3 4 5 6 8 9 |  9.9
Axes           | 3 4 5 6 8 9 10 | 10.0
Invocations    | 2 4 5 |  5.1
Spellcasting   | 3 4 5 6 7 |  7.7
Shields        | 4 6 |  6.6
Ice Magic      | 2 |  2.6
Conjurations   | 2 |  2.3
Fire Magic     | 2 |  2.4
Charms         | |  3.2

Action                   |  1- 3 |  4- 6 |  7- 9 | 10-12 || total
-------------------------+-------+-------+-------+-------++-------
Melee: Hand axe          |    89 |    78 |       |       ||   167
       War axe           |       |   157 |   361 |       ||   518
       Broad axe         |       |       |   151 |  1230 ||  1381
       Punch             |       |       |       |     4 ||     4
       Spear             |       |       |       |    32 ||    32
Throw: Javelin           |       |     4 |    17 |    12 ||    33
 Cast: Infusion          |     4 |       |       |       ||     4
Invok: Heroism           |       |       |     2 |    46 ||    48
 Abil: Hop               |       |     1 |       |     7 ||     8
Evoke: Wand              |       |       |     3 |     9 ||    12
  Use: Potion            |     1 |     7 |     2 |    15 ||    25
       Scroll            |       |     3 |     3 |    25 ||    31
  Eat: Chunk             |     2 |     6 |    18 |    23 ||    49
       Ration            |       |     1 |       |    12 ||    13
Armor: Leather armour    |    25 |       |       |       ||    25
       Plate armour      |    10 |   262 |    38 |       ||   310
       Skin              |       |    28 |       |       ||    28
       Chain mail        |       |       |   373 |   704 ||  1077
Dodge: Dodged            |    61 |    66 |   223 |   743 ||  1093
Block: Buckler           |       |       |       |   220 ||   220

Table legend:
 A = Spawn XP
 B = Non-spawn XP
 C = Spawn XP percentage of total XP
 D = Spawn monster count
 E = Non-spawn monster count
 F = Spawn count percentage of total count
 G = Total turns spent on level
                    A         B        C        D         E        F      G
               +---------+---------+-------+---------+---------+-------+---------
         Total |       0 |   31442 |   0.0 |       0 |     421 |   0.0 | 23383
               +---------+---------+-------+---------+---------+-------+---------
           D:1 |       0 |      28 |   0.0 |       0 |      13 |   0.0 |   678
           D:2 |       0 |      88 |   0.0 |       0 |      23 |   0.0 |  1428
           D:3 |       0 |     314 |   0.0 |       0 |      21 |   0.0 |  1080
           D:4 |       0 |     533 |   0.0 |       0 |      13 |   0.0 |  1185
           D:5 |       0 |     965 |   0.0 |       0 |      29 |   0.0 |  1327
           D:6 |       0 |    1756 |   0.0 |       0 |      38 |   0.0 |  1935
           D:7 |       0 |    1010 |   0.0 |       0 |      24 |   0.0 |  1485
           D:8 |       0 |    3034 |   0.0 |       0 |      55 |   0.0 |  2521
           D:9 |       0 |    4118 |   0.0 |       0 |      56 |   0.0 |  4160
          D:10 |       0 |    2061 |   0.0 |       0 |      39 |   0.0 |  1309
          D:11 |       0 |    5488 |   0.0 |       0 |      29 |   0.0 |  1989
        Lair:1 |       0 |    3785 |   0.0 |       0 |      17 |   0.0 |  1794
        Lair:2 |       0 |    7459 |   0.0 |       0 |      42 |   0.0 |  1708
        Lair:3 |       0 |     760 |   0.0 |       0 |       5 |   0.0 |   371
         Sewer |       0 |      43 |   0.0 |       0 |      17 |   0.0 |   327
               +---------+---------+-------+---------+---------+-------+---------
